 Dungeon Crawl Stone Soup version 0.22-a0-298-g92d99f377c (webtiles) character file.

2994 Peterchen the Severer (level 9, -5/70 HPs)
             Began as a Minotaur Berserker on Mar 25, 2018.
             Was a High Priest of Trog.
             Shot with a sling bullet by Joseph (11 damage)
             ... on level 8 of the Dungeon.
             The game lasted 00:12:24 (6610 turns).

Peterchen the Severer (Minotaur Berserker)          Turns: 6610, Time: 00:12:25

Health: -5/70      AC: 11    Str: 24    XL:     9   Next: 54%
Magic:  8/8        EV:  9    Int:  4    God:    Trog [*****.]
Gold:   388        SH:  0    Dex: 11    Spells: 8/8 levels left

rFire    . . .     SeeInvis .   a - +0 hand axe
rCold    . . .     Gourm    .   (no shield)
rNeg     + . .     Faith    .   u - +0 storm dragon scales
rPois    .         Spirit   .   (helmet restricted)
rElec    +         Reflect  .   (no cloak)
rCorr    +         Harm     .   (no gloves)
MR       .....                  (no boots)
Stlth    ..........             (no amulet)
HPRegen  0.21/turn              o - ring of positive energy
MPRegen  0.11/turn              v - ring of resist corrosion

@: berserk cooldown, very slightly contaminated, slowed, very slow
A: retaliatory headbutt, horns 2
a: Berserk, Trog's Hand, Brothers in Arms, Renounce Religion


You were on level 8 of the Dungeon.
You worshipped Trog.
Trog was extremely pleased with you.
You were hungry.

You visited 1 branch of the dungeon, and saw 8 of its levels.
You also visited: Ossuary.

You collected 388 gold pieces.

Inventory:

Hand Weapons
 a - a +0 hand axe (weapon)
Armour
 u - +0 storm dragon scales (worn)
Jewellery
 o - a ring of positive energy (left hand)
 v - a ring of resist corrosion (right hand)
 w - an uncursed ring of fire
Wands
 f - a wand of digging (25)
 p - a wand of flame (19)
 x - a wand of enslavement (11)
 y - a wand of iceblast (6)
Scrolls
 d - 8 scrolls of remove curse
 e - 2 scrolls of magic mapping
 h - 6 scrolls of teleportation
 i - 3 scrolls of enchant armour
 j - a scroll of blinking
 k - 3 scrolls of fear
 n - 6 scrolls of enchant weapon
 q - 3 scrolls of amnesia
 A - a scroll of fog
 F - a scroll of immolation {unknown}
Potions
 b - a potion of magic {unknown}
 g - 4 potions of lignification {unknown}
 l - a potion of agility {unknown}
 m - 6 potions of heal wounds {unknown}
 r - 2 potions of curing {unknown}
 s - 3 potions of haste {unknown}
 t - 3 potions of degeneration {unknown}
 z - a potion of resistance {unknown}
 B - 3 potions of brilliance {unknown}
 C - 2 potions of mutation {unknown}
 D - a potion of berserk rage {unknown}
Comestibles
 c - 14 rations


   Skills:
 - Level 3.6 Fighting
 * Level 15.3 Axes
 - Level 2.4 Armour
 - Level 2.1 Dodging


You had 8 spell levels left.
You didn't know any spells.

Dungeon Overview and Level Annotations

Branches:
Dungeon (8/15)             Temple (0/1) D:7
   Lair: D:8-11

Altars:
Xom

Shops:
D:7 :   D:8 *

Annotations:
D:8 Joseph


Innate Abilities, Weirdness & Mutations

You reflexively headbutt those who attack you in melee.
You have a pair of horns on your head.


Message History

Blink to where?
Press: ? - help, Dir - move target cursor
As you read the scroll of blinking, it crumbles to dust.
Found 10 gold pieces.
Found 24 arrows.
Joseph shouts, "I love to fight!
I love killing!"
Joseph unwields an uncursed quarterstaff.
Joseph wields an uncursed hunting sling of flaming.
It bursts into flame!
Joseph shoots a sling bullet.
The sling bullet hits you!
* * * LOW HITPOINT WARNING * * *
The sling bullet burns you.
* * * LOW HITPOINT WARNING * * *
Things that are here:
a sling bullet; 10 gold pieces Joseph shoots a sling bullet.
The sling bullet hits you!
* * * LOW HITPOINT WARNING * * *
The sling bullet burns you.
* * * LOW HITPOINT WARNING * * *
Joseph shoots a sling bullet.
The sling bullet hits you!
You die...

#..........#
#@########.#
#.########.####
#...(.........#
#.########.##.#
#.# #.##.# #.#
#.##.# #(#
#.##.# #@#
###.##.# #.#
#...##.# #.#
#.####.# #.#
#.# #.# #(#
##.####.####
..#
#...........
#.#
#..####.###.
#.# #..# #.###.
#..# #.....


You could see Joseph.

Vanquished Creatures
  Pikel (D:5)
  Sigmund (D:6)
  Duvessa (D:7)
  A sky beast (D:7)
  An ice beast (D:5)
  A necrophage (D:8)
  A phantom (D:7)
  2 ogres (D:6)
  A centaur (D:5)
  An elf zombie (Ossuary)
  4 bullfrogs
  A big kobold (D:7)
  Dowan (D:7)
  A scorpion (D:6)
  An electric eel (D:7)
  3 crimson imps (D:5)
  A quasit (D:5)
  A bullfrog zombie (D:7)
  A hound (D:4)
  2 orc priests
  A human zombie (Ossuary)
  A centaur skeleton (D:5)
  10 orc wizards
  2 iguanas
  5 worker ants
  A big kobold zombie (Ossuary)
  A hound zombie (Ossuary)
  4 mummies (Ossuary)
  A worker ant zombie (D:5)
  3 gnolls (D:7)
  6 adders
  A shadow imp (D:4)
  2 oozes
  2 adder skeletons (D:4)
  An adder zombie (Ossuary)
  A worm (D:3)
  4 dart slugs
  22 orcs
  7 giant cockroaches
  2 gnoll zombies (Ossuary)
  5 hobgoblins
  9 jackals (D:1)
  5 quokkas
  A ball python (D:1)
  7 bats
  5 frilled lizards
  9 goblins
  A goblin zombie (Ossuary)
  A jackal zombie (Ossuary)
  10 kobolds
  A kobold zombie (Ossuary)
  A leopard gecko skeleton (D:8)
  2 orc zombies (Ossuary)
  A quokka skeleton (D:4)
  9 rats
171 creatures vanquished.

Vanquished Creatures (others)
  A crimson imp (D:5)
  4 plants (D:7)
5 creatures vanquished.

Grand Total: 176 creatures vanquished

Notes
Turn   | Place    | Note
-------+----------+-------------------------------------------
     0 | D:1      | Peterchen the Minotaur Berserker began the quest for the Orb.
     0 | D:1      | Reached XP level 1. HP: 19/19 MP: 0/0
    16 | D:1      | Reached skill level 4 in Axes
    34 | D:1      | Reached XP level 2. HP: 7/26 MP: 1/1
   458 | D:1      | Reached skill level 5 in Axes
   518 | D:1      | Reached ** piety under Trog
   518 | D:1      | Reached XP level 3. HP: 27/31 MP: 2/2
  1273 | D:2      | Reached XP level 4. HP: 38/39 MP: 3/3
  1500 | D:2      | Reached skill level 6 in Axes
  2136 | D:3      | Reached skill level 7 in Axes
  2136 | D:3      | Reached XP level 5. HP: 19/45 MP: 4/4
  2569 | D:4      | Reached *** piety under Trog
  2575 | D:4      | Reached skill level 8 in Axes
  2578 | D:4      | Reached XP level 6. HP: 36/51 MP: 5/5
  2730 | D:4      | Reached skill level 9 in Axes
  3201 | D:5      | Entered Level 5 of the Dungeon
  3248 | D:5      | Noticed Pikel
  3248 | D:5      | Noticed a slave
  3249 | D:5      | Noticed a slave
  3250 | D:5      | Noticed a slave
  3253 | D:5      | Noticed a slave
  3265 | D:5      | Killed Pikel
  3265 | D:5      | Reached skill level 11 in Axes
  3265 | D:5      | Reached XP level 7. HP: 57/57 MP: 6/6
  3304 | D:5      | Reached XP level 8. HP: 57/64 MP: 7/7
  3336 | D:5      | Found a shimmering altar of Xom.
  3440 | D:5      | Reached skill level 12 in Axes
  3442 | D:5      | Reached **** piety under Trog
  4072 | D:6      | Noticed Sigmund
  4079 | D:6      | Killed Sigmund
  4079 | D:6      | Reached skill level 13 in Axes
  5021 | D:7      | Found a sand-covered staircase.
  5026 | Ossuary  | Entered an ossuary
  5055 | Ossuary  | Reached XP level 9. HP: 57/70 MP: 8/8
  5210 | D:7      | Found a staircase to the Ecumenical Temple.
  5229 | D:7      | Reached skill level 14 in Axes
  5280 | D:7      | Reached ***** piety under Trog
  5445 | D:7      | Found Giefif's Book Shoppe.
  5755 | D:7      | Noticed Duvessa
  5757 | D:7      | Noticed Dowan
  5762 | D:7      | Killed Duvessa
  6031 | D:7      | Reached skill level 15 in Axes
  6077 | D:7      | Killed Dowan
  6453 | D:8      | Found Gozag's Platinum Reserve.
  6583 | D:8      | Noticed Joseph
  6610 | D:8      | Shot with a sling bullet by Joseph

Vault maps used:
D:1:      erik_arrival_blinker_ship, st_stairs_5
D:2:      first_ration
D:3:      serial_bayou_lagoon_a
D:5:      led_xom_imps, uniq_pikel
D:6:      uniq_sigmund
D:7:      temple_statues, serial_shops, nicolae_shop_stone, enter_ossuary_2,
          enter_bailey_3, chequers_big_river, uniq_duvessa
D:8:      nicolae_gozag_zags_fifth_avenue, grunt_temple_overflow_cloverleaf,
          uniq_joseph
Ossuary:  ossuary_minmay_tomb_2a

Skill      XL: |  1  2  3  4  5  6  7  8  9 |
---------------+----------------------------+-----
Axes           | 4 5 7 8 11 13 15 | 15.3
Fighting       | |  3.6
Armour         | |  2.4
Dodging        | |  2.1

Action                   |  1- 3 |  4- 6 |  7- 9 || total
-------------------------+-------+-------+-------++-------
Melee: Hand axe          |    82 |   149 |   311 ||   542
       Headbutt          |     9 |    25 |    61 ||    95
Invok: Berserk           |       |     3 |     4 ||     7
  Use: Scroll            |     5 |       |     9 ||    14
 Stab: Sleeping          |     1 |       |       ||     1
       Invisible         |       |       |     2 ||     2
  Eat: Chunk             |     1 |     8 |    15 ||    24
Armor: Animal skin       |    12 |       |       ||    12
       Plate armour      |     2 |    61 |       ||    63
       Storm dragon scal |       |    15 |   129 ||   144
Dodge: Dodged            |    72 |    49 |    72 ||   193

Table legend:
 A = Spawn XP
 B = Non-spawn XP
 C = Spawn XP percentage of total XP
 D = Spawn monster count
 E = Non-spawn monster count
 F = Spawn count percentage of total count
 G = Total turns spent on level
                    A         B        C        D         E        F      G
               +---------+---------+-------+---------+---------+-------+---------
         Total |       0 |    4278 |   0.0 |       0 |     171 |   0.0 |  6610
               +---------+---------+-------+---------+---------+-------+---------
           D:1 |       0 |      62 |   0.0 |       0 |      32 |   0.0 |   897
           D:2 |       0 |      38 |   0.0 |       0 |      12 |   0.0 |   753
           D:3 |       0 |     115 |   0.0 |       0 |      27 |   0.0 |   861
           D:4 |       0 |     450 |   0.0 |       0 |      23 |   0.0 |   690
           D:5 |       0 |    1277 |   0.0 |       0 |      12 |   0.0 |   750
           D:6 |       0 |     723 |   0.0 |       0 |      19 |   0.0 |  1059
           D:7 |       0 |    1213 |   0.0 |       0 |      27 |   0.0 |  1267
           D:8 |       0 |     133 |   0.0 |       0 |       3 |   0.0 |   157
       Ossuary |       0 |     267 |   0.0 |       0 |      16 |   0.0 |   176
               +---------+---------+-------+---------+---------+-------+---------
